 Dungeon Crawl Stone Soup version 0.31-a0-229-g1fc7ce93e2 (webtiles) character file.

Game seed: 17324471673761347860

25375 nono the Unseen (level 12, -4/67 HPs)
             Began as a Felid Berserker on July 6, 2023.
             Was an Elder of Trog.
             Slain by a centaur warrior simulacrum (9 damage)
             ... on level 14 of the Dungeon.
             The game lasted 00:59:46 (21861 turns).

nono the Unseen (Felid Berserker)                  Turns: 21861, Time: 00:59:47

Health: -4/67      AC:  3    Str: 17    XL:     12   Next: 88%
Magic:  13/13      EV: 28    Int:  9    God:    Trog [****..]
Gold:   828        SH:  0    Dex: 16    Spells: 11/11 levels left
                                        Lives:  0   Deaths: 4

rFire   . .          .
                       - Unarmed
rCold   + . .        (shield unavailable)
rNeg    . . .        (body armour unavailable)
rPois   .            (helmet unavailable)
rElec   .            (cloak unavailable)
rCorr   +            (gloves unavailable)
SInv    +            (boots unavailable)
Will    +++..        (no amulet)
Stlth   +++++++      c - ring of resist corrosion
HPRegen 1.31/turn    (no ring)
MPRegen 0.13/turn

%: no passive effects
@: strong-willed, on berserk cooldown, regenerating, slowed, studying Fighting,
slow
A: very small, claws 1, fangs 3, see invisible, speed 1, shaggy fur 3, stealthy
paws, no weapons or thrown items, no armour, multi-lived
a: Renounce Religion, Berserk, Trog's Hand, Brothers in Arms


You were on level 14 of the Dungeon.
You worshipped Trog.
Trog was greatly pleased with you.
You visited 2 branches of the dungeon, and saw 17 of its levels.
You also visited: Sewer and Bailey.

You collected 914 gold pieces.
You spent 86 gold pieces at shops.

Inventory:

Jewellery
 c - a ring of resist corrosion (left paw)
 y - an amulet of magic regeneration
 E - a +6 ring of intelligence
Wands
 t - a wand of flame (25)
 u - a wand of roots (8)
 x - a wand of mindburst (7)
 z - a wand of polymorph (3)
 A - a wand of charming (8)
Scrolls
 b - 3 scrolls of blinking {unknown}
 g - 3 scrolls of teleportation
 h - a scroll of silence
 j - 4 scrolls of noise {unknown}
 k - 4 scrolls of enchant weapon {unknown}
 l - 2 scrolls of fear {unknown}
 o - 3 scrolls of vulnerability {unknown}
 p - 5 scrolls of poison {unknown}
 q - 3 scrolls of fog
 s - 3 scrolls of enchant armour {unknown}
 v - a scroll of amnesia {unknown}
 B - a scroll of butterflies
 D - 3 scrolls of immolation {unknown}
 G - 2 scrolls of revelation {unknown}
 H - a scroll of torment {unknown}
 I - a scroll of brand weapon {unknown}
 J - a scroll of acquirement
Potions
 a - 5 potions of enlightenment
 d - 9 potions of heal wounds
 e - 5 potions of brilliance
 f - a potion of ambrosia {unknown}
 i - 3 potions of degeneration
 m - a potion of curing
 n - 6 potions of might
 r - 2 potions of mutation
 w - 2 potions of lignification {unknown}
 C - a potion of magic
 F - 3 potions of attraction
 K - a potion of resistance {unknown}


   Skills:
 + Level 16.9 Fighting
 + Level 16.4 Dodging
 + Level 17.2 Stealth
 + Level 12.8 Unarmed Combat


You had 11 spell levels left.
You didn't know any spells.
Your spell library was empty.

Dungeon Overview and Level Annotations

Branches:
Dungeon (11/15)            Temple (0/1) D:5            Lair (5/5) D:10
 Shoals (0/4) Lair:2        Snake (0/4) Lair:3        Slime (0/5) Lair:4
    Orc (0/2) D:10         Vaults (0/5) D:14          Sewer (visited)
 Bailey (visited)

Altars:
Cheibriados
Dithmenos
Fedhas
Gozag
Hepliaklqana
Kikubaaqudgha
Nemelex Xobeh
Okawaru
Sif Muna
Vehumet
Wu Jian
Zin
The Shining One
Jiyva

Shops:
D:4 !   D:7 ?*

Annotations:
D:3 2 runed translucent doors, erloom's ghost, amateur GrEE
D:6 1 runed translucent door, h0peless's ghost, novice GnWn
D:14 Azrael
Lair:2 exclusion: oklob plant


Innate Abilities, Weirdness & Mutations

You have sharp claws.
You have razor-sharp teeth.
You have supernaturally acute eyesight. (SInv)
You cover ground quickly. (Speed+)
Your thick and shaggy fur keeps you warm. (AC +3, rC+)
Your paws help you pounce on unaware monsters.
You are incapable of wielding weapons or throwing items.
You cannot wear armour.
You gain extra lives every three experience levels.


Message History

The wizard flickers and vanishes for a moment.
The centaur warrior simulacrum barely misses you.
The centaur warrior simulacrum closely misses you.
You claw the centaur warrior simulacrum!
You claw the centaur warrior simulacrum.
The centaur warrior simulacrum is heavily damaged.
The wizard completely misses you.
The centaur warrior simulacrum hits you.
The centaur warrior simulacrum freezes you.
You resist.
The centaur warrior simulacrum completely misses you.
The wizard completely misses you.
You claw the wizard! You claw the wizard. You bite the wizard.
You kill the wizard!
Trog accepts your kill.
Trog appreciates your killing of a magic user.
The centaur warrior simulacrum closely misses you.
The centaur warrior simulacrum kicks you.
The centaur warrior simulacrum freezes you!
You resist.
* * * LOW HITPOINT WARNING * * *
You claw the centaur warrior simulacrum!
The centaur warrior simulacrum is severely damaged.
The centaur warrior simulacrum barely misses you.
The centaur warrior simulacrum kicks you.
* * * LOW HITPOINT WARNING * * *
The centaur warrior simulacrum freezes you!
You resist.
* * * LOW HITPOINT WARNING * * *
The centaur warrior simulacrum misses you.
The centaur warrior simulacrum completely misses you.
You scratch the centaur warrior simulacrum but do no damage.
Your bite misses the centaur warrior simulacrum.
The centaur warrior simulacrum is severely damaged.
The centaur warrior simulacrum misses you.
The centaur warrior simulacrum kicks you.
* * * LOW HITPOINT WARNING * * *
The centaur warrior simulacrum freezes you!
You resist.
You die...

# #. #
#.######..#
##.........#
#..Z@....>.#
......)########
#####.. #.. #..
#.. #.. ##.


You could see a centaur warrior simulacrum.

Vanquished Creatures
  A dire elephant (Lair:5)
  Harold (D:9)
  9 hydras
  A vault guard (Bailey)
  A catoblepas (Lair:3)
  3 two-headed ogres
  Urug (Lair:3)
  4 skysharks
  A spectral death yak (Lair:5)
  Pikel (D:6)
  A wizard (D:14)
  3 necromancers (Lair:5)
  An obsidian statue (Lair:5)
  2 cyclopes (D:11)
  A salamander (Lair:3)
  5 black mambas
  24 elephants
  Maggie (D:7)
  A gargoyle (D:11)
  8 cane toads
  An unseen horror (D:10)
  3 rime drakes
  10 komodo dragons
  2 trolls
  3 polar bears
  Prince Ribbit (Bailey)
  A spectral elephant (Lair:5)
  16 blink frogs
  A vampire (D:10)
  9 humans
  35 yaks
  2 steam dragons
  5 wyverns
  4 basilisks
  Grum (D:9)
  Menkaure (D:7)
  A death yak simulacrum (Lair:5)
  7 vampire mosquitoes
  2 acid dragons
  15 water moccasins
  A sky beast (D:6)
  An elephant zombie (Lair:5)
  7 orc warriors
  4 black bears
  2 ice beasts (D:6)
  An ogre (D:6)
  3 wolves (D:9)
  9 centaurs
  2 lemures
  A kobold brigand (D:10)
  22 bullfrogs
  2 scorpions (D:4)
  8 wights
  An elephant simulacrum (Lair:5)
  16 killer bees
  11 howler monkeys
  2 vampire bats (D:7)
  3 hounds
  3 jellies
  7 orc priests
  A gnoll bouda (D:10)
  Crazy Yiuf (D:7)
  3 sleepcaps
  Jessica (D:2)
  4 iguanas
  9 orc wizards
  Robin (D:4)
  A river rat (Sewer)
  3 adders
  A white imp (D:8)
  A worm (D:2)
  4 dart slugs
  37 orcs
  10 bats
  5 bat skeletons (D:7)
  12 endoplasms
  4 giant cockroaches
  16 goblins
  12 hobgoblins
  10 kobolds
  9 quokkas
  5 ball pythons
  7 rats
453 creatures vanquished.

Vanquished Creatures (collateral kills)
  A dire elephant (Lair:5)
  A spectral anaconda (Lair:5)
2 creatures vanquished.

Grand Total: 455 creatures vanquished

Notes
Turn   | Place    | Note
-------+----------+-------------------------------------------
     0 | D:1      | nono the Felid Berserker began the quest for the Orb.
     0 | D:1      | Reached XP level 1. HP: 10/10 MP: 2/2
   275 | D:1      | Reached skill level 1 in Stealth
   275 | D:1      | Reached XP level 2. HP: 14/14 MP: 3/3
   713 | D:2      | Reached ** piety under Trog
   714 | D:2      | Reached XP level 3. HP: 17/17 MP: 4/4
   939 | D:2      | Reached skill level 2 in Stealth
   948 | D:2      | Noticed Jessica
   974 | D:2      | Killed Jessica
  1174 | D:2      | Reached XP level 4. HP: 21/21 MP: 5/5
  1318 | D:2      | Found a shimmering blue altar of Sif Muna.
  1715 | D:3      | Found a large runed translucent door.
  1715 | D:3      | Found a large runed translucent door.
  1719 | D:3      | Noticed erloom's ghost (amateur GrEE)
  1772 | D:3      | Found an iron altar of Okawaru.
  1960 | D:3      | Found a glowing silver altar of Zin.
  1960 | D:3      | Noticed an angel
  2265 | D:3      | Found a radiant altar of Vehumet.
  2265 | D:3      | Found a shadowy altar of Dithmenos.
  2265 | D:3      | Found a snail-covered altar of Cheibriados.
  2265 | D:3      | Found a glowing golden altar of the Shining One.
  2291 | D:3      | Found a sparkling altar of Nemelex Xobeh.
  2292 | D:3      | Found a hazy altar of Hepliaklqana.
  2352 | D:4      | Found Liysm's Distillery.
  2354 | D:4      | Reached skill level 5 in Dodging
  2363 | D:4      | Reached skill level 3 in Stealth
  2363 | D:4      | Reached XP level 5. HP: 13/25 MP: 6/6
  2371 | D:4      | Bought a potion of curing for 36 gold pieces
  2502 | D:4      | Found a glowing drain.
  2622 | Sewer    | Entered a sewer
  2955 | Sewer    | Reached *** piety under Trog
  3218 | D:4      | Reached skill level 4 in Stealth
  3249 | D:4      | Gained mutation: You are covered in thick fur. (AC +2)
                  | [Felid growth]
  3249 | D:4      | Reached XP level 6. HP: 4/29 MP: 7/7
  3251 | D:4      | HP: 2/43 [poisoned by a scorpion]
  3731 | D:4      | Noticed Robin
  3988 | D:4      | Killed Robin
  4138 | D:5      | Entered Level 5 of the Dungeon
  4241 | D:5      | Reached skill level 5 in Stealth
  4241 | D:5      | Reached XP level 7. HP: 26/33 MP: 8/8
  4346 | D:5      | Found a staircase to the Ecumenical Temple.
  4732 | D:6      | Noticed Pikel
  4879 | D:6      | Noticed h0peless's ghost (novice GnWn)
  4886 | D:6      | Found a runed translucent door.
  4904 | D:6      | Reached skill level 5 in Fighting
  4904 | D:6      | Reached skill level 5 in Unarmed Combat
  5002 | D:6      | Killed Pikel
  5003 | D:6      | Reached skill level 6 in Stealth
  5003 | D:6      | Reached XP level 8. HP: 15/38 MP: 9/9
  5164 | D:6      | Reached skill level 7 in Stealth
  5779 | D:6      | Killed from afar by an orc wizard
  5780 | D:6      | Reached XP level 7. HP: -3/51 MP: 8/8
  6184 | D:6      | Reached **** piety under Trog
  6239 | D:6      | Reached XP level 8. HP: 36/39 MP: 9/9
  6394 | D:7      | Found Jaus's Magic Scroll Emporium.
  6395 | D:7      | Found Esouc's Hallowed Reliquary.
  6398 | D:7      | Noticed an angel
  6404 | D:7      | Bought a potion of heal wounds for 50 gold pieces
  6481 | D:7      | Noticed Maggie
  6493 | D:7      | Reached skill level 8 in Stealth
  6500 | D:7      | Killed Maggie
  6682 | D:7      | Found a runed translucent door.
  6683 | D:7      | Noticed Crazy Yiuf
  6908 | D:7      | Noticed Menkaure
  6910 | D:7      | Killed Menkaure
  6919 | D:7      | Reached skill level 9 in Stealth
  6990 | D:7      | Reached XP level 9. HP: 43/43 MP: 10/10
  7142 | D:7      | Found an ancient bone altar of Kikubaaqudgha.
  7414 | D:7      | Killed Crazy Yiuf
  7561 | D:8      | Found an opulent altar of Gozag.
  7626 | D:8      | Noticed a two-headed ogre
  7632 | D:8      | Killed a two-headed ogre
  7633 | D:8      | Reached skill level 10 in Dodging
  7633 | D:8      | Reached skill level 10 in Stealth
  7950 | D:8      | Found a blossoming altar of Fedhas.
  8159 | D:9      | Noticed Harold
  8171 | D:9      | Killed Harold
  8172 | D:9      | Reached XP level 10. HP: 19/48 MP: 11/11
  8332 | D:9      | Reached skill level 11 in Stealth
  8645 | D:9      | Noticed Grum
  8877 | D:9      | Killed Grum
  9346 | D:9      | Noticed a two-headed ogre
  9353 | D:9      | Slain by a two-headed ogre
  9354 | D:9      | Reached XP level 9. HP: -4/67 MP: 10/10
  9371 | D:10     | Entered Level 10 of the Dungeon
  9413 | D:10     | Found a flagged portal.
  9431 | Bailey   | Entered a bailey
  9606 | Bailey   | Reached XP level 10. HP: 29/49 MP: 11/11
  9616 | Bailey   | Reached skill level 12 in Stealth
  9743 | Bailey   | Noticed a vault guard
  9743 | Bailey   | Noticed Prince Ribbit
  9758 | Bailey   | Killed a vault guard
  9763 | Bailey   | Killed Prince Ribbit
  9844 | D:10     | Found an ornate altar of the Wu Jian Council.
 10367 | D:10     | Found a staircase to the Orcish Mines.
 11262 | D:10     | Found a staircase to the Lair.
 11687 | D:10     | Reached XP level 11. HP: 54/54 MP: 12/12
 11891 | Lair:1   | Entered Level 1 of the Lair of Beasts
 11920 | Lair:1   | Reached skill level 13 in Stealth
 11963 | Lair:1   | Reached skill level 10 in Fighting
 11963 | Lair:1   | Reached skill level 10 in Unarmed Combat
 12702 | Lair:2   | Found a staircase to the Shoals.
 12916 | Lair:2   | Noticed a skyshark
 13065 | Lair:2   | Killed a skyshark
 13150 | Lair:2   | Reached skill level 14 in Stealth
 13249 | Lair:2   | Noticed an oklob plant
 14038 | Lair:3   | Gained mutation: Your thick and shaggy fur keeps you warm.
                  | (AC +3, rC+) [Felid growth]
 14038 | Lair:3   | Reached XP level 12. HP: 59/59 MP: 13/13
 14539 | Lair:3   | Noticed a catoblepas
 14541 | Lair:3   | Noticed Urug
 14550 | Lair:3   | Killed a catoblepas
 14557 | Lair:3   | Killed Urug
 14714 | Lair:3   | Found a staircase to the Snake Pit.
 14963 | Lair:3   | Noticed a five-headed hydra
 14996 | Lair:3   | Killed a five-headed hydra
 14997 | Lair:3   | Reached skill level 15 in Stealth
 15021 | Lair:3   | Noticed a five-headed hydra
 15166 | Lair:3   | Killed a five-headed hydra
 15292 | Lair:3   | Noticed a six-headed hydra
 15299 | Lair:3   | Killed a six-headed hydra
 15339 | Lair:3   | Identified a scroll of acquirement
 15340 | Lair:3   | Acquired a manual of Fighting
 15950 | Lair:4   | Noticed a six-headed hydra
 15952 | Lair:4   | Noticed a five-headed hydra
 15960 | Lair:4   | Killed a six-headed hydra
 15963 | Lair:4   | Killed a five-headed hydra
 16297 | Lair:4   | Reached XP level 13. HP: 65/67 MP: 14/14
 16612 | Lair:4   | Found a viscous altar of Jiyva.
 16613 | Lair:4   | Found a staircase to the Slime Pits.
 17285 | Lair:5   | Entered Level 5 of the Lair of Beasts
 17336 | Lair:5   | Found an ornate altar of the Wu Jian Council.
 17352 | Lair:5   | Reached skill level 15 in Fighting
 17642 | Lair:5   | Reached skill level 15 in Dodging
 17955 | Lair:5   | Slain by a black mamba
 17956 | Lair:5   | Reached XP level 12. HP: 0/66 MP: 13/13
 18044 | Lair:5   | Killed an eight-headed hydra
 18196 | Lair:5   | Killed a four-headed hydra
 18581 | Lair:5   | Reached skill level 16 in Stealth
 18604 | Lair:5   | HP: 3/66 [elephant (11)]
 19351 | Lair:5   | Reached XP level 13. HP: 46/70 MP: 14/14
 19868 | Lair:5   | Noticed a dire elephant
 20249 | Lair:5   | Noticed a dire elephant
 20545 | Lair:5   | Killed a dire elephant
 20612 | Lair:5   | Slain by a dire elephant zombie
 20613 | Lair:5   | Reached XP level 12. HP: 0/67 MP: 13/13
 20665 | Lair:5   | Killed a dire elephant
 21081 | D:11     | Noticed a two-headed ogre
 21091 | D:11     | Killed a two-headed ogre
 21208 | D:11     | Reached skill level 17 in Stealth
 21748 | D:11     | You fall into a shaft and drop 3 floors!
 21753 | D:14     | Noticed a centaur warrior
 21825 | D:14     | Noticed a two-headed ogre
 21828 | D:14     | Noticed a centaur warrior
 21838 | D:14     | Noticed Azrael
 21841 | D:14     | Killed a two-headed ogre
 21845 | D:14     | Found a gate to the Vaults.
 21861 | D:14     | Slain by a centaur warrior simulacrum

Illustrated notes

Levels and vault maps discovered:
D:1:      ebering_trefoil_3fold, layout_loops_ring
D:2:      minmay_general_purpose_star, layout_basic, basic_altar, uniq_jessica
D:3:      layout_loops_corners, zin_angel, lemuel_tele_altar,
          minmay_overflow_temple_hex, ebering_ghost_disaster_area, minivault_23
D:4:      layout_cave_pools, gup_sewer_entry_pipe, serial_shops,
          nicolae_shop_waterfront, minmay_crystal_water, uniq_robin
D:5:      layout_basic, temple_fountains
D:6:      layout_cave_pods, hellmonk_ghost_happy_afterlife, uniq_pikel
D:7:      layout_basic, kennysheep_vampire_church, serial_shops, shop,
          chequers_decorated_corner, minmay_misc_feat_alley, nicolae_good_shop,
          uniq_menkaure, uniq_crazy_yiuf_cottage, uniq_maggie
D:8:      layout_gridville, general_overflow_altar, kennysheep_mini
D:9:      layout_loops_corners, centaur_isle, uniq_grum, uniq_harold
D:10:     layout_roguey, mainiacjoe_overflow_concentric_impassable,
          david_lair_shrubbed, david_orc_2, enter_bailey_3, hex_intersection,
          small_chamber_with_monster, minmay_quadrilaterals
D:11:     layout_cave_pools, serial_column_ruins, column_ruins_hut,
          column_ruins_columns_corner, column_ruins_columns_corner,
          column_ruins_columns_straight, column_ruins_open_medium,
          column_ruins_columns_corner
D:14:     layout_loops_ring, david_vaults_3, nicolae_uskayaw_dance_hall,
          uniq_nessos, uniq_azrael
Lair:1:   layout_hall_layers
Lair:2:   layout_regular_city, elwin_shoals_entry_rocks,
          minmay_lair_oklob_bushes, grunt_megastairs_3
Lair:3:   layout_chaotic_city, nicolae_snake_entry_warm_welcome, serial_rivers,
          chequers_serial_rivers_room_b, chequers_serial_rivers_micro_d,
          chequers_serial_rivers_small_a, chequers_serial_rivers_micro_c,
          infiniplex_staircase_pool, uniq_urug
Lair:4:   layout_hall_layers, slime_entry_1, grunt_megastairs_4
Lair:5:   due_jungle_book, layout_regular_city, basic_altar

Skill      XL: |  1  2  3  4  5  6  7  8  9 10 11 12 13 |
---------------+----------------------------------------+-----
Stealth        | 1 2 3 4 5 6 9 10 12 14 17 | 17.2
Dodging        | 5 6 7 9 10 12 13 14 16 | 16.4
Unarmed Combat | 4 5 7 9 10 12 | 12.8
Fighting       | 4 5 7 9 10 16 15 | 16.9

Action                     |  1- 3 |  4- 6 |  7- 9 | 10-12 | 13-15 || total
---------------------------+-------+-------+-------+-------+-------++-------
  Melee: Unarmed           |    90 |   208 |   338 |   992 |   211 ||  1839
         Bite              |     7 |    24 |    44 |   160 |    42 ||   277
         Punch             |       |     6 |    10 |    97 |    15 ||   128
 Invoke: Berserk           |       |     5 |     9 |    33 |     5 ||    52
         Trog's Hand       |       |       |     2 |     7 |     2 ||    11
         Brothers in Arms  |       |       |     1 |     2 |     1 ||     4
  Evoke: Wand              |       |       |       |     1 |     1 ||     2
    Use: Scroll            |       |     5 |     1 |     8 |     3 ||    17
         Potion            |       |       |     1 |     9 |       ||    10
   Stab: Sleeping          |     6 |     5 |    19 |    25 |       ||    55
         Distracted        |       |     1 |       |     4 |     3 ||     8
 Armour: Skin              |     8 |     8 |    18 |    43 |    13 ||    90
  Dodge: Dodged            |    70 |   173 |   300 |  1184 |   267 ||  1994

Table legend: (Time is in decaauts)
 A = Elapsed time spent in this place.
 B = Non-inter-level travel time spent in this place.
 C = Inter-level travel time spent in this place.
 D = Time resting spent in this place.
 E = Time spent auto-exploring this place.
 F = Levels seen in this place.
 G = Mean time per level.
                   A        B        C        D        E       F      G
               +--------+--------+--------+--------+--------+-----+--------+
         Total |  19843 |  19275 |    568 |   4559 |  10136 |  19 | 1044.4 |
       Dungeon |  10440 |  10149 |    291 |   1713 |   6226 |  12 |  870.0 |
          Lair |   8480 |   8203 |    277 |   2652 |   3568 |   5 | 1696.0 |
         Sewer |    574 |    574 |      0 |     26 |    324 |   1 |  574.0 |
        Bailey |    347 |    347 |      0 |    167 |     17 |   1 |  347.0 |
               +--------+--------+--------+--------+--------+-----+--------+

Top non-repeatable levels by time:
  Lair:5: 2483 daAuts
  Lair:3: 2097 daAuts
  Lair:4: 2083 daAuts
     D:9: 1591 daAuts
    D:10: 1440 daAuts
     D:6: 1089 daAuts
     D:7: 1007 daAuts
     D:4: 1003 daAuts
  Lair:2: 952 daAuts
     D:3: 906 daAuts
     D:5: 883 daAuts
  Lair:1: 863 daAuts
     D:2: 617 daAuts
     D:8: 617 daAuts
    D:11: 611 daAuts
